 Dungeon Crawl Stone Soup version 0.31.0-32-g396128a36d (webtiles) character file.

Game seed: 5930431231755820501

47205 Silvore the Peltast (level 14, -6/124 HPs)
             Began as a Minotaur Fighter on Apr 1, 2024.
             Was the Champion of the Shining One.
             Mangled by a skeletal warrior
             ... wielding a +0 glaive
              (8 damage)
             ... while paralysed by an ogre mage
             ... on level 15 of the Dungeon.
             The game lasted 00:22:11 (13816 turns).

Silvore the Peltast (Minotaur Fighter)             Turns: 13816, Time: 00:22:12

Health: -6/124     AC: 26    Str: 27    XL:     14   Next: 7%
Magic:  13/13      EV:  2    Int:  4    God:    the Shining One [******]
Gold:   1211       SH:  0    Dex: 18    Spells: 13/13 levels left

rFire   + . .        I - +10 whip of Rofulyp {freeze, rPois rC- Str+3}
rCold   . . .        Q - +0 tower shield
rNeg    + + +        P - +3 plate armour {rC+}
rPois   +            t - +1 hat {Stlth+}
rElec   .            A - +2 ratskin cloak {*Rats rPois rN+ Str-1 Int-1 Dex+1}
rCorr   .            k - +1 pair of gloves
SInv    .            (no boots)
Will    +....        c - amulet of Wujeaxot {Reflect rF+ rN+ SH+5} Stlth
                     s - ring of poison resistance
HPRegen 0.40/turn    i - +6 ring of dexterity
MPRegen 0.13/turn

%: reflection
@: paralysed, glowing
A: horns 2, retaliatory headbutt
a: Renounce Religion, Divine Shield, Cleansing Flame, Summon Divine Warrior,
Brand Weapon With Holy Wrath


You were on level 15 of the Dungeon.
You worshipped the Shining One.
The Shining One was exalted by your worship.
You visited 2 branches of the dungeon, and saw 16 of its levels.

You collected 1298 gold pieces.
You donated 87 gold pieces to Zin.

Inventory:

Hand Weapons
 y - the +7 battleaxe of the Asp {flame, Dex+2}
   (You found it on level 5 of the Dungeon)

   Dex+2:     It affects your dexterity (+2).
 I - the +10 whip of Rofulyp (weapon) {freeze, rPois rC- Str+3}
   (You found it on level 11 of the Dungeon)

   Str+3:     It affects your strength (+3).
   rC-:       It makes you vulnerable to cold.
   rPois:     It protects you from poison
 J - a +1 demon blade of freezing
 O - a +2 eveningstar of draining
Armour
 k - a +1 pair of gloves (worn)
 l - a +0 pair of gloves
 t - a +1 hat of stealth (worn)
 A - the +2 ratskin cloak (worn) {*Rats rPois rN+ Str-1 Int-1 Dex+1}
   (You found it on level 6 of the Dungeon)

   *Rats:     When the wearer is hurt, rats may emerge from it to assist them.
   Str-1:     It affects your strength (-1).
   Int-1:     It affects your intelligence (-1).
   Dex+1:     It affects your dexterity (+1).
   rPois:     It protects you from poison rN+: It protects you from negative
   energy.
 P - a +3 plate armour of cold resistance (worn)
 Q - a +0 tower shield (worn)
Jewellery
 a - a ring of flight
 c - the amulet of Wujeaxot (around neck) {Reflect rF+ rN+ SH+5}
   (You acquired it on level 9 of the Dungeon)

   [amulet of reflection]

   Reflect:   It reflects blocked missile attacks.
   rF+:       It protects you from fire.
   rN+:       It protects you from negative energy.
   SH+5:      It affects your SH (+5).
 h - a ring of see invisible
 i - a +6 ring of dexterity (right hand)
 s - a ring of poison resistance (left hand)
Wands
 b - a wand of digging (9)
 v - a wand of mindburst (4)
 B - a wand of acid (13)
 E - a wand of charming (7)
Scrolls
 d - a scroll of blinking
 g - 2 scrolls of identify
 j - 4 scrolls of teleportation
 n - 3 scrolls of fear
 r - 3 scrolls of enchant armour
 x - a scroll of butterflies
 z - a scroll of revelation
 K - 2 scrolls of immolation
Potions
 e - 3 potions of brilliance
 f - 4 potions of mutation
 m - 6 potions of curing
 o - 5 potions of heal wounds
 p - a potion of invisibility
 q - 3 potions of ambrosia
 u - a potion of degeneration
 w - a potion of berserk rage
 C - a potion of cancellation
 G - 2 potions of haste
 L - 3 potions of lignification
Miscellaneous
 N - a box of beasts


   Skills:
 + Level 11.5 Fighting
 + Level 15.6 Maces & Flails
 + Level 13.7 Armour
 + Level 4.3 Dodging
 + Level 1.8 Stealth
 + Level 17.8 Shields


You had 13 spell levels left.
You didn't know any spells.
Your spell library contained the following spells:

 Spells                   Type           Power      Damage    Failure   Level
 Sandblast                Erth           0%         2d4       100%        1
 Slow                     Hex            0%         N/A       100%        1
 Sting                    Conj/Alch      0%         1d3       100%        1
 Cigotuvi's Dreadful Rot  Necr/Alch/Air  0%         N/A       100%        2
 Ensorcelled Hibernation  Hex/Ice        0%         N/A       100%        2
 Mercury Vapours          Alch/Air       0%         N/A       100%        2
 Sublimation of Blood     Necr           0%         N/A       100%        2
 Confusing Touch          Hex            0%         N/A       100%        3
 Fugue of the Fallen      Necr           0%         N/A       100%        3
 Passwall                 Erth           0%         N/A       100%        3
 Sigil of Binding         Hex            0%         N/A       100%        3
 Stone Arrow              Conj/Erth      0%         3d7       100%        3
 Vampiric Draining        Necr           0%         2d6       100%        3
 Anguish                  Hex/Necr       0%         N/A       100%        4
 Brom's Barrelling Bould  Conj/Erth      0%         2d3       100%        4
 Dispel Undead            Necr           0%         3d6       100%        4
 Martyr's Knell           Necr/Summ      0%         N/A       100%        4
 Olgreb's Toxic Radiance  Alch           0%         N/A       100%        4
 Petrify                  Alch/Erth      0%         N/A       100%        4
 Irradiate                Conj/Alch      0%         3d11      100%        5
 Death Channel            Necr           0%         N/A       100%        6
 Ozocubu's Refrigeration  Ice            0%         4d7       100%        7
 Discord                  Hex            0%         N/A       100%        8


Dungeon Overview and Level Annotations

Branches:
Dungeon (15/15)            Temple (1/1) D:4            Lair (0/5) D:8
    Orc (0/2) D:9          Vaults (0/5) D:13
 Depths: D:15

Altars:
Ashenzari
Cheibriados
Dithmenos
Elyvilon
Fedhas
Gozag
Hepliaklqana
Kikubaaqudgha
Makhleb
Nemelex Xobeh
Okawaru
Qazlal
Ru
Sif Muna
Trog
Uskayaw
Vehumet
Wu Jian
Xom
Yredelemnul
Zin
The Shining One
Ignis

Annotations:
D:15 2 transporters, brilapsti's ghost, adept MiFi


Innate Abilities, Weirdness & Mutations

You have a pair of horns on your head.
You reflexively headbutt those who attack you in melee.


Message History

You hit the skeletal warrior.
The skeletal warrior is severely damaged.
You block the skeletal warrior's attack. x2
The centaur warrior hits you but does no damage.
The centaur warrior kicks you.
You hit the skeletal warrior but do no damage.
You headbutt the skeletal warrior, but do no damage.
The skeletal warrior is severely damaged.
The spark wasp zombie hits you. You block the centaur warrior's attack.
The centaur warrior kicks you. The ogre mage casts a spell at you.
You suddenly lose the ability to move!
The skeletal warrior hits you but does no damage. x2
The spark wasp zombie hits you but does no damage.
The centaur warrior hits you but does no damage.
The centaur warrior barely misses you.
The cyclops throws a large rock.
The large rock hits you but does no damage.
The ogre mage hits you but does no damage.
The skeletal warrior hits you from afar with a +0 glaive!
* * * LOW HITPOINT WARNING * * *
The skeletal warrior hits you but does no damage.
The spark wasp zombie hits you but does no damage.
The centaur warrior hits you but does no damage.
The centaur warrior kicks you.
* * * LOW HITPOINT WARNING * * *
The spark wasp zombie hits you!
* * * LOW HITPOINT WARNING * * *
The centaur warrior hits you but does no damage.
The centaur warrior kicks you but does no damage.
The skeletal warrior hits you from afar with a +0 glaive.
* * * LOW HITPOINT WARNING * * *
The skeletal warrior hits you with a +0 hand axe.
* * * LOW HITPOINT WARNING * * *
The centaur warrior hits you but does no damage.
The centaur warrior kicks you but does no damage.
The spark wasp zombie hits you but does no damage.
The ogre mage hits you from afar with a +0 spear.
* * * LOW HITPOINT WARNING * * *
The skeletal warrior hits you from afar with a +0 glaive!
You die...

##8..WWu8##..##....
.#########.........
.....©........[....
............#######
#####...#####
######...#######
................
......Z.........
......z@)...#...
P.....)c)O....##
..8..z.......##
..........C.)#
...............
.P$...........#.
P...............
.............###


You could see 2 skeletal warriors, a centaur warrior, an ogre mage, a cyclops
and a spark wasp zombie.

Vanquished Creatures
  Jorgrun (D:14)
  Louise (D:14)
  Snorg (D:13)
  The ghost of Seamuus the Fighter, a journeyman MiBe of Trog (D:10)
  4 vault guards (D:13)
  Josephine (D:14)
  5 centaur warriors
  A hydra (D:12)
  4 boulder beetles
  5 two-headed ogres
  2 tengu warriors (D:14)
  2 skeletal warriors (D:13)
  A harpy (shapeshifter) (D:15)
  7 ugly things
  A necromancer (D:15)
  3 meliai (D:14)
  4 manticores
  5 cyclopes
  A cane toad (shapeshifter) (D:14)
  A rime drake (D:8)
  An unseen horror (D:10)
  3 freezing wraiths
  A komodo dragon (D:13)
  A tengu conjurer (D:14)
  2 efreet (D:11)
  8 trolls
  A polar bear (D:8)
  A blink frog (shapeshifter) (D:14)
  12 slime creatures
  A centaur simulacrum (D:14)
  A wyvern (D:9)
  6 wraiths
  A human (D:10)
  A shadow (D:12)
  6 fire bats (D:11)
  11 yaks
  4 vampires
  A basilisk (D:14)
  2 hogs (D:10)
  A steam dragon (D:10)
  13 vampire mosquitoes
  An acid dragon (D:7)
  An acid dragon (shapeshifter) (D:15)
  5 ice beasts (D:8)
  A sky beast (D:7)
  9 orc warriors
  6 laughing skulls
  17 centaurs
  A wolf (D:8)
  A phantom (D:5)
  A weeping skull (D:6)
  3 bullfrogs
  6 gnoll sergeants (D:11)
  4 scorpions
  9 wights
  7 killer bees
  4 howler monkeys
  A hound (D:6)
  5 orc priests
  Crazy Yiuf (D:4)
  4 bombardier beetles
  7 iguanas
  12 orc wizards
  2 gnolls (D:4)
  5 adders
  2 white imps
  2 ufetubi (D:7)
  The ghost of flammie80 the Trooper, a weakling FoMo (D:4)
  2 dart slugs
  A ribbon worm (D:3)
  48 orcs
  5 bats
  5 endoplasms
  6 giant cockroaches
  5 goblins
  7 hobgoblins
  2 jackals (D:1)
  7 kobolds
  3 quokkas
  5 ball pythons
  3 frilled lizards
  2 rats
  A spectral orc (D:6)
349 creatures vanquished.

Vanquished Creatures (collateral kills)
  A centaur warrior (D:11)
  A skeletal warrior (D:13)
  An ugly thing (D:15)
3 creatures vanquished.

Vanquished Creatures (others)
  A deep elf pyromancer (D:12)
  A gnoll (D:4)
2 creatures vanquished.

Grand Total: 354 creatures vanquished

Notes
Turn   | Place    | Note
-------+----------+-------------------------------------------
     0 | D:1      | Silvore the Minotaur Fighter began the quest for the Orb.
     0 | D:1      | Reached XP level 1. HP: 19/19 MP: 0/0
   201 | D:1      | Reached XP level 2. HP: 26/27 MP: 1/1
   952 | D:2      | Reached skill level 4 in Shields
   952 | D:2      | Reached XP level 3. HP: 33/33 MP: 2/2
  1601 | D:3      | Reached XP level 4. HP: 31/40 MP: 3/3
  1670 | D:3      | Found a sparkling altar of Nemelex Xobeh.
  2268 | D:4      | Noticed a scorpion
  2275 | D:4      | Killed a scorpion
  2276 | D:4      | Reached skill level 1 in Dodging
  2276 | D:4      | Reached XP level 5. HP: 31/47 MP: 4/4
  2379 | D:4      | Found a large runed translucent door.
  2379 | D:4      | Found a large runed translucent door.
  2428 | D:4      | Found a staircase to the Ecumenical Temple.
  2512 | Temple   | Entered the Ecumenical Temple
  2521 | Temple   | Became a worshipper of Zin the Law-Giver
  2521 | Temple   | Reached * piety under Zin
  2530 | Temple   | Donated 66 gold pieces to Zin
  2554 | D:4      | Found a runed translucent door.
  2555 | D:4      | Noticed Crazy Yiuf
  2584 | D:4      | Found a white marble altar of Elyvilon.
  2638 | D:4      | Reached skill level 5 in Maces & Flails
  2638 | D:4      | Reached XP level 6. HP: 34/53 MP: 5/5
  2814 | D:4      | Found a burning altar of Makhleb.
  2972 | D:4      | Found a shimmering altar of Xom.
  3214 | D:4      | Noticed flammie80's ghost (weakling FoMo)
  3226 | D:4      | Killed flammie80's ghost
  3286 | D:4      | Killed Crazy Yiuf
  3426 | D:5      | Entered Level 5 of the Dungeon
  3499 | D:5      | Identified the +7 battleaxe of the Asp {flame, Dex+2}
  3520 | D:5      | Reached skill level 5 in Armour
  3572 | D:5      | Found a hide-covered altar of Uskayaw.
  3572 | D:5      | Noticed a +0 dagger
  3574 | D:5      | Noticed a +0 hand axe
  3615 | D:5      | Reached skill level 5 in Fighting
  3615 | D:5      | Reached XP level 7. HP: 61/61 MP: 6/6
  4187 | D:5      | Reached skill level 5 in Shields
  4260 | D:5      | Identified a scroll of acquirement
  4260 | D:5      | Acquired a +1 hat of stealth
  4324 | Temple   | Fell from the grace of Zin
  4324 | Temple   | Became a worshipper of the Shining One
  4439 | D:6      | Found a basalt altar of Yredelemnul.
  4591 | D:6      | Found the +2 ratskin cloak {*Rats rPois rN+ Str-1 Int-1
                  | Dex+1}
  4653 | D:6      | Reached * piety under the Shining One
  4663 | D:6      | Reached XP level 8. HP: 65/69 MP: 7/7
  4734 | D:6      | Found a snail-covered altar of Cheibriados.
  4826 | D:6      | Reached skill level 1 in Stealth
  4968 | D:6      | Found a radiant altar of Vehumet.
  5404 | D:7      | Reached skill level 6 in Shields
  5445 | D:7      | Identified the +2 robe of the Circus Animal {rCorr Int-3
                  | Dex+4}
  6048 | D:8      | The Shining One protects you from harm!
  6298 | D:8      | Reached XP level 9. HP: 71/73 MP: 8/8
  6323 | D:8      | Noticed a two-headed ogre
  6329 | D:8      | Killed a two-headed ogre
  6330 | D:8      | Reached skill level 7 in Shields
  6350 | D:8      | Reached skill level 10 in Maces & Flails
  6502 | D:8      | Noticed a rime drake
  6520 | D:8      | Killed a rime drake
  6722 | D:8      | Found a staircase to the Lair.
  6726 | D:8      | Noticed a polar bear
  6742 | D:8      | Killed a polar bear
  6743 | D:8      | Reached skill level 8 in Shields
  7210 | D:9      | Reached ** piety under the Shining One
  7221 | D:9      | Reached XP level 10. HP: 80/88 MP: 9/9
  7345 | D:9      | Noticed a two-headed ogre
  7357 | D:9      | Killed a two-headed ogre
  7638 | D:9      | Reached skill level 9 in Shields
  7810 | D:9      | Noticed a boulder beetle
  7811 | D:9      | Noticed a purple ugly thing
  7835 | D:9      | Found a staircase to the Orcish Mines.
  7915 | D:9      | Acquired the amulet of Wujeaxot {Reflect rF+ rN+ SH+5}
  7942 | D:10     | Entered Level 10 of the Dungeon
  8283 | D:10     | Identified the +7 sling of a Gauntlet {heavy, *Slow rN+
                  | Int+2}
  8290 | D:10     | Reached skill level 10 in Armour
  8404 | D:10     | Found an iron altar of Okawaru.
  8437 | D:10     | Reached *** piety under the Shining One
  8564 | D:10     | Found a runed translucent gate.
  8564 | D:10     | Found a runed translucent gate.
  8564 | D:10     | Found a runed translucent gate.
  8565 | D:10     | Noticed Seamuus's ghost (journeyman MiBe)
  8619 | D:10     | Reached XP level 11. HP: 82/95 MP: 10/10
  9103 | D:10     | Killed Seamuus's ghost
  9104 | D:10     | Reached skill level 10 in Shields
  9616 | D:11     | Reached skill level 11 in Shields
  9852 | D:11     | Reached **** piety under the Shining One
  9889 | D:11     | Was placed under penance by the Shining One
  9934 | D:11     | Noticed a centaur warrior
  9943 | D:11     | Killed a centaur warrior
 10020 | D:11     | Reached skill level 12 in Shields
 10235 | D:11     | Noticed a centaur warrior
 10236 | D:11     | Identified the +1 rapier of Entrepreneurial Spirit {flame,
                  | rElec Str+2 Dex+3}
 10242 | D:11     | Found a candlelit altar of Ignis.
 10247 | D:11     | Noticed a centaur warrior
 10249 | D:11     | Killed a centaur warrior
 10250 | D:11     | Reached XP level 12. HP: 73/105 MP: 11/11
 10263 | D:11     | Killed a centaur warrior
 10428 | D:11     | Identified the +10 whip of Rofulyp {freeze, rPois rC-
                  | Str+3}
 10558 | D:12     | Was forgiven by the Shining One
 10696 | D:12     | Reached skill level 13 in Shields
 10756 | D:12     | Noticed a four-headed hydra
 10782 | D:12     | Killed a four-headed hydra
 10926 | D:12     | Reached skill level 14 in Shields
 10998 | D:12     | Noticed a two-headed ogre
 11006 | D:12     | Killed a two-headed ogre
 11098 | D:12     | Noticed a two-headed ogre
 11102 | D:12     | Killed a two-headed ogre
 11152 | D:12     | Noticed a boulder beetle
 11177 | D:12     | Killed a boulder beetle
 11178 | D:12     | Reached skill level 10 in Fighting
 11621 | D:13     | Noticed Snorg
 11631 | D:13     | Killed Snorg
 11632 | D:13     | Reached skill level 15 in Shields
 11739 | D:13     | Noticed a two-headed ogre
 11746 | D:13     | Killed a two-headed ogre
 11771 | D:13     | Noticed a centaur warrior
 11782 | D:13     | Killed a centaur warrior
 11783 | D:13     | Reached XP level 13. HP: 108/114 MP: 12/12
 11788 | D:13     | Found a gate to the Vaults.
 11788 | D:13     | Reached ***** piety under the Shining One
 11829 | D:13     | Reached skill level 15 in Maces & Flails
 12136 | D:14     | Noticed Louise
 12160 | D:14     | Killed Louise
 12161 | D:14     | Reached skill level 16 in Shields
 12467 | D:14     | Found a broken altar of Ashenzari.
 12665 | D:14     | Noticed Josephine
 12686 | D:14     | Killed Josephine
 12979 | D:14     | Noticed Jorgrun
 12994 | D:14     | Killed Jorgrun
 13114 | D:14     | Reached skill level 17 in Shields
 13206 | D:15     | Entered Level 15 of the Dungeon
 13213 | D:15     | Found a sacrificial altar of Ru.
 13482 | D:15     | Reached XP level 14. HP: 37/124 MP: 13/13
 13754 | D:15     | Found a transporter.
 13764 | D:15     | Noticed a frost giant
 13768 | D:15     | Noticed brilapsti's ghost (adept MiFi)
 13768 | D:15     | Reached ****** piety under the Shining One
 13781 | D:15     | Found a transporter.
 13813 | D:15     | Paralysed by an ogre mage for 3 turns
 13816 | D:15     | HP: 2/124 [ogre mage/+0 spear (6)]
 13816 | D:15     | Mangled by a skeletal warrior

Illustrated notes

Levels and vault maps discovered:
D:1:      onia_arrival_pentagram, layout_basic
D:2:      layout_loops_cross
D:3:      layout_loops_ring, nemelex_spade_bored_becter,
          amcnicky_mini_corridor_feature
D:4:      layout_loops_ring, elyvilon_altar_4, mainiacjoe_overflow_chevrons,
          mainiacjoe_overflow_six_doors_small, temple_pool_b,
          ebering_ghost_disaster_area, uniq_crazy_yiuf_cottage
D:5:      layout_loops_cross, dancing_weapons_uskayaw
D:6:      layout_cave_pools, yredelemnul_forgotten_temple_becter,
          mainiacjoe_overflow_swirl, minmay_small_thing
D:7:      layout_basic, serial_curves, eino_curves_03, eino_curves_03,
          eino_curves_01
D:8:      layout_cave_pools, hellmonk_lair_entry_icy, nicolae_tricolors
D:9:      layout_rooms, orc_0_dummy, lightli_corner_chamber
D:10:     layout_cross, mainiacjoe_overflow_brackets, gammafunk_ghost_spectres,
          nicolae_concentric_dashed_squares_mild, minmay_misc_feat_tiny,
          corexii_corridor_pit, grunt_livestock
D:11:     regret_index_infernal_bastille, layout_irregular_city
D:12:     layout_roguey, kennysheep_generic_room_3
D:13:     layout_rooms, lightli_vaults_fourway_checkpoint, uniq_snorg
D:14:     layout_loops_cross, nicolae_ashenzari_panopticon,
          kennysheep_generic_room_16, uniq_josephine, uniq_louise, uniq_jorgrun
D:15:     gammafunk_depths_entry_grave, layout_long_grid, gammafunk_ghost_arena,
          hangedman_ru_absence, minmay_starry_boxes
Temple:   nicolae_temple_ecumenical_triangle

Skill      XL: |  1  2  3  4  5  6  7  8  9 10 11 12 13 |
---------------+----------------------------------------+-----
Armour         | 4 5 6 7 8 10 11 12 13 | 13.7
Fighting       | 4 5 6 7 8 9 10 11 | 11.5
Shields        | 4 5 6 8 9 12 15 17 | 17.8
Maces & Flails | 3 4 5 6 8 9 11 12 14 15 | 15.6
Dodging        | 1 3 4 |  4.3
Stealth        | 1 |  1.8

Action                     |  1- 3 |  4- 6 |  7- 9 | 10-12 | 13-15 || total
---------------------------+-------+-------+-------+-------+-------++-------
  Melee: Flail             |    95 |   102 |   216 |   332 |       ||   745
         Headbutt          |     9 |    14 |    39 |   162 |   109 ||   333
         Whip              |       |       |       |   171 |   323 ||   494
 Invoke: Donate Gold       |       |     1 |       |       |       ||     1
    Use: Scroll            |     5 |     4 |    10 |     6 |     2 ||    27
         Potion            |       |       |       |     1 |     2 ||     3
 Armour: Scale mail        |    65 |     2 |       |       |       ||    67
         Chain mail        |       |    72 |   180 |    18 |       ||   270
         Plate armour      |       |       |       |   281 |   134 ||   415
  Dodge: Dodged            |    48 |    39 |    84 |   106 |    44 ||   321
  Block: Buckler           |    24 |    19 |       |       |       ||    43
         Kite shield       |       |     9 |   128 |   480 |    77 ||   694
         Reflection        |       |       |       |    19 |    38 ||    57
         Tower shield      |       |       |       |       |   301 ||   301
